 Dungeon Crawl Stone Soup version 0.23.2-1-ga50397a (webtiles) character file.

Game seed: 13383029044569701604

1887 MalarOregon the Chiller (level 9, -7/59 HPs)
             Began as a Merfolk Ice Elementalist on May 25, 2019.
             Killed from afar by Dowan (12 damage)
             ... with a puff of flame
             ... on level 6 of the Dungeon.
             The game lasted 00:20:47 (10074 turns).

MalarOregon the Chiller (Merfolk Ice Elementalist) Turns: 10074, Time: 00:20:48

Health: -7/59      AC:  4    Str:  8    XL:     9   Next: 14%
Magic:  18/18      EV: 18    Int: 18    God:
Gold:   105        SH:  0    Dex: 19    Spells: 9/20 levels left

rFire    x . .     SeeInvis .   w - +2 dagger (venom)
rCold    + . .     Gourm    .   (no shield)
rNeg     . . .     Faith    .   a - +1 robe
rPois    .         Spirit   .   (no helmet)
rElec    .         Reflect  .   (no cloak)
rCorr    .         Harm     .   x - +0 pair of gloves
MR       .....                  (no boots)
Stlth    ++++......             (no amulet)
HPRegen  0.19/turn              m - ring of ice
MPRegen  0.16/turn              (no ring)

@: agile, very slightly contaminated
A: change form in water, swift swim, stealthy swim
a: no special abilities


You were on level 6 of the Dungeon.
You were hungry.

You visited 2 branches of the dungeon, and saw 7 of its levels.
You also visited: Sewer.

You collected 270 gold pieces.
You spent 165 gold pieces at shops.

Inventory:

Hand Weapons
 d - a +2 dagger of draining
   (You took it off Jessica on level 3 of the Dungeon)
 w - a +2 dagger of venom (weapon)
   (You took it off an orc wizard on level 4 of the Dungeon)
Armour
 a - a +1 robe (worn)
 x - a +0 pair of gloves (worn)
   (You found it on level 6 of the Dungeon)
 y - a +2 large shield
   (You bought it in a shop on level 6 of the Dungeon)
Magical Staves
 z - an uncursed staff of air {unknown}
   (You found it on level 6 of the Dungeon)
Jewellery
 m - a ring of ice (left hand)
   (You found it on level 3 of the Dungeon)
 t - an uncursed ring of see invisible {unknown}
   (You found it on level 4 of the Dungeon)
Wands
 v - a wand of clouds (14)
   (You took it off an orc on level 6 of the Dungeon)
Scrolls
 b - 4 scrolls of fear
 f - a scroll of fog
 g - 3 scrolls of remove curse {@r2}
 i - a scroll of immolation {!r}
 q - a scroll of teleportation {@r4}
 u - a scroll of enchant weapon
Potions
 c - 2 potions of agility
 h - 4 potions of haste {@q3}
 j - 2 potions of might {unknown}
 k - 3 potions of magic
 l - a potion of mutation {unknown}
 n - a potion of degeneration {unknown}
 o - 4 potions of curing {@q1}
 p - 2 potions of heal wounds {unknown}
 r - 2 potions of flight {unknown}
 s - 3 potions of brilliance
Comestibles
 e - 5 rations {!d}


   Skills:
 + Level 1.2 Fighting
 - Level 2.6 Dodging
 + Level 2.8 Stealth
 + Level 0.5 Shields
 * Level 6.4 Spellcasting
 * Level 5.2 Conjurations
 * Level 7.9 Ice Magic


You had 9 spell levels left.
You knew the following spells:

 Your Spells              Type           Power        Failure   Level  Hunger
a - Freeze                Ice            ####         1%          1    None
c - Throw Icicle          Conj/Ice       #####...     8%          4    ####...
d - Summon Ice Beast      Ice/Summ       ####....     22%         4    ####...
x - Throw Frost           Conj/Ice       #####.       1%          2    None

Your spell library contained the following spells:

 Spells                   Type           Power        Failure   Level  Hunger
 Ozocubu's Armour         Chrm/Ice       ####....     7%          3    ##.....
 Animate Skeleton         Necr           N/A          12%         1    None
 Apportation              Tloc           #.....       12%         1    None
 Beastly Appendage        Tmut           #.....       12%         1    None
 Confusing Touch          Hex            #.....       12%         1    None
 Summon Small Mammal      Summ           #...         12%         1    None
 Sticks to Snakes         Tmut           #.......     17%         2    None
 Ice Form                 Ice/Tmut       ####....     22%         4    ####...
 Spider Form              Tmut/Pois      #.........   34%         3    ##.....
 Blade Hands              Tmut           #.........   97%         5    #####..


Dungeon Overview and Level Annotations

Branches:
Dungeon (6/15)             Temple (1/1) D:5

Altars:
Ashenzari
Cheibriados
Elyvilon
Fedhas
Gozag
Hepliaklqana
Kikubaaqudgha
Makhleb
Okawaru
Qazlal
Ru
Sif Muna
Wu Jian
Yredelemnul
Zin
The Shining One

Shops:
D:4 %   D:6 *

Annotations:
D:2 1 runed translucent door
D:3 1 runed translucent door, Crazy Yiuf
D:6 Dowan


Message History

You hit the centaur but do no damage. You drain the centaur.
The orc barely misses you.
The centaur hits you but does no damage.
Aim: a centaur (almost dead, heavily drained)
You feel a surge of power!
You freeze the centaur!
You kill the centaur!
The orc barely misses you.
The orc warrior hits you with a +0 scimitar!!
* * * LOW HITPOINT WARNING * * *
The orc closely misses you.
An orc comes into view. It is wielding a +0 club.
The orc hits you with a cursed -3 mace.
* * * LOW HITPOINT WARNING * * *
The worm bites you!
* * * LOW HITPOINT WARNING * * *
You see here a dagger.
You feel a surge of power!
You miscast Summon Ice Beast.
You are very lightly contaminated with residual magic.
Space twists in upon itself!
A spatial vortex comes into view.
The orc hits you with a +0 club.
* * * LOW HITPOINT WARNING * * *
Here: a spatial vortex (durably summoned)
An arrow.
The floor.
Here: a spatial vortex (durably summoned)
An arrow.
The floor.
You feel agile all of a sudden.
It was a potion of curing.
You feel better. The orc closely misses you.
As you read the scroll of teleportation {@r4}, it crumbles to dust.
You feel strangely unstable. The orc completely misses you.
Wield which item (- for none, * to show all)? (? for menu, Esc to quit)
Your +2 dagger of venom begins to drip with poison!
w - a +2 dagger of venom (weapon)
The orc completely misses you.
Your surroundings suddenly seem different.
Found 46 stones and a thin smoking staff.
Dowan, Brother of Duvessa comes into view.
He is wielding a +6 dagger of draining.
You see here a thin smoking staff.
z - a thin smoking staff Dowan casts a spell at you.
You easily resist.
Dowan points at you and mumbles some strange words.
The puff of flame hits you! The fire burns you terribly!
* * * LOW HITPOINT WARNING * * *
Okay, then.
Dowan points at you and mumbles some strange words.
The puff of flame hits you! The fire burns you terribly!
You die...

#.####.########.#
#.#
#............e..#
#.#
######e#########
#.# #.# .. #.#
#.# #.# #.# #@#
#...# ###.# #..
.... # #.#
#.###.# #.####.#
#. #(##...##. #.
#.##.#... ..#
#.##>#..# #.#


You could see Dowan.

Vanquished Creatures
  Pikel (D:3)
  A phantom (D:6)
  2 ogres
  3 centaurs (D:6)
  2 big kobolds (Sewer)
  A scorpion (D:6)
  2 howler monkeys
  A human zombie (D:2)
  2 hounds
  4 orc priests
  5 orc wizards
  Jessica (D:3)
  2 iguanas
  3 worker ants
  A worker ant zombie (D:5)
  8 adders
  3 river rats
  A shadow imp (D:5)
  An ooze (Sewer)
  2 adder skeletons
  2 worms
  2 dart slugs (D:1)
  19 orcs
  6 bats
  8 giant cockroaches
  8 goblins
  3 hobgoblins
  3 jackals (D:1)
  14 kobolds
  6 ball pythons
  4 frilled lizards
  A jackal skeleton (D:2)
  8 rats
130 creatures vanquished.

Vanquished Creatures (others)
  An ogre (D:4)
  An adder (D:4)
  A plant (D:1)
3 creatures vanquished.

Grand Total: 133 creatures vanquished

Notes
Turn   | Place    | Note
-------+----------+-------------------------------------------
     0 | D:1      | MalarOregon the Merfolk Ice Elementalist began the quest
                  | for the Orb.
     0 | D:1      | Reached XP level 1. HP: 13/13 MP: 3/3
   256 | D:1      | Reached XP level 2. HP: 5/19 MP: 0/5
   957 | D:1      | Reached XP level 3. HP: 24/24 MP: 2/7
  1233 | D:1      | Learned a level 2 spell: Throw Frost
  1237 | D:2      | Found a runed translucent door.
  1237 | D:2      | Noticed a human
  1495 | D:2      | Found a basalt altar of Yredelemnul.
  1531 | D:2      | HP: 1/24 [human zombie (6)]
  3124 | D:2      | Reached skill level 1 in Conjurations
  3124 | D:2      | Reached skill level 4 in Ice Magic
  3124 | D:2      | Reached XP level 4. HP: 29/30 MP: 8/8
  3819 | D:3      | Found a glowing drain.
  3933 | Sewer    | Entered a sewer
  4058 | Sewer    | Reached XP level 5. HP: 35/35 MP: 2/10
  4292 | Sewer    | Noticed a big kobold
  4302 | Sewer    | Killed a big kobold
  4330 | Sewer    | Noticed a big kobold
  4691 | Sewer    | Killed a big kobold
  4691 | Sewer    | Reached skill level 5 in Ice Magic
  4691 | Sewer    | Reached XP level 6. HP: 29/41 MP: 6/12
  5155 | D:3      | Found a runed translucent door.
  5156 | D:3      | Noticed Crazy Yiuf
  5315 | D:3      | Noticed Jessica
  5321 | D:3      | Killed Jessica
  5379 | D:3      | Found a faded altar of an unknown god.
  5517 | D:4      | Noticed Pikel
  5517 | D:4      | Noticed a slave
  5517 | D:4      | Noticed a slave
  5517 | D:4      | Noticed a slave
  5517 | D:4      | Noticed a slave
  5694 | D:3      | Killed Pikel
  5694 | D:3      | Reached skill level 5 in Spellcasting
  5694 | D:3      | Reached skill level 6 in Ice Magic
  5694 | D:3      | Reached XP level 7. HP: 10/46 MP: 0/14
  5694 | D:3      | Reached XP level 8. HP: 11/52 MP: 0/15
  6406 | D:4      | Learned a level 4 spell: Throw Icicle
  6411 | D:4      | Learned a level 4 spell: Summon Ice Beast
  6643 | D:4      | Found Zytif's Food Boutique.
  6959 | D:5      | Entered Level 5 of the Dungeon
  7364 | D:5      | Found a staircase to the Ecumenical Temple.
  7406 | Temple   | Entered the Ecumenical Temple
  7651 | D:5      | Reached skill level 7 in Ice Magic
  8154 | D:5      | Found a stormy altar of Qazlal.
  8715 | D:6      | HP: 2/52 [phantom (8)]
  9329 | D:6      | Reached skill level 5 in Conjurations
  9594 | D:6      | Reached XP level 9. HP: 16/58 MP: 6/18
  9612 | D:6      | Found Beomek's Mass Market.
  9895 | D:6      | Bought a +2 large shield for 165 gold pieces
  9912 | D:6      | Reached skill level 1 in Fighting
 10052 | D:6      | Noticed Dowan
 10055 | D:6      | HP: 2/59 [Dowan/puff of flame (13)]
 10074 | D:6      | Killed from afar by Dowan

Skill      XL: |  1  2  3  4  5  6  7  8  9 |
---------------+----------------------------+-----
Spellcasting   | 3 4 5 6 |  6.4
Conjurations   | 1 2 3 5 |  5.2
Ice Magic      | 4 5 6 7 |  7.9
Fighting       | 1 |  1.2
Dodging        | |  2.6
Stealth        | |  2.8
Shields        | |  0.5

Action                   |  1- 3 |  4- 6 |  7- 9 || total
-------------------------+-------+-------+-------++-------
Melee: Unarmed           |    18 |       |       ||    18
       Dagger            |    84 |    56 |   139 ||   279
       Tailslap          |       |     4 |       ||     4
 Cast: Freeze            |    40 |    90 |    35 ||   165
       Throw Frost       |       |    18 |    47 ||    65
       Summon Ice Beast  |       |       |     3 ||     3
       Throw Icicle      |       |       |     2 ||     2
  Use: Scroll            |       |     8 |     7 ||    15
       Potion            |       |       |     3 ||     3
 Stab: Distracted        |       |       |     1 ||     1
  Eat: Ration            |     2 |       |     1 ||     3
       Chunk             |     1 |     8 |    11 ||    20
Armor: Robe              |    15 |    19 |    30 ||    64
Dodge: Dodged            |    90 |    92 |   160 ||   342
